 Dungeon Crawl Stone Soup version 0.29-a0-520-gc852659d43 (console) character file.

Game seed: 12924386183670387832

87 om the Chiller (level 4, -1/30 HPs)
             Began as a Merfolk Ice Elementalist on May 31, 2022.
             Slain by an adder (2 damage)
             ... on level 3 of the Dungeon.
             The game lasted 00:06:07 (3380 turns).

om the Chiller (Merfolk Ice Elementalist)           Turns: 3380, Time: 00:06:08

Health: -1/30      AC:  3    Str:  8    XL:     4   Next: 51%
Magic:  3/7        EV: 14    Int: 14    God:
Gold:   108        SH:  0    Dex: 16    Spells: 4/8 levels left

rFire   . . .      SeeInvis .   h - +0 trident
rCold   . . .      Faith    .   (no shield)
rNeg    + . .      Spirit   .   a - +0 robe
rPois   .          Reflect  .   (no helmet)
rElec   .          Harm     .   (no cloak)
rCorr   .          Rampage  .   (no gloves)
Will    .....                   e - +0 pair of boots
Stlth   ++........              (no amulet)
HPRegen 0.10/turn               f - ring of positive energy
MPRegen 0.10/turn               (no ring)

@: no status effects
A: (nimble swimmer 2), mertail
a: no special abilities


You were on level 3 of the Dungeon.
You visited 1 branch of the dungeon, and saw 3 of its levels.

You collected 108 gold pieces.

Inventory:

Hand Weapons
 h - a +0 trident (weapon)
Armour
 a - a +0 robe (worn)
 e - a +0 pair of boots (worn)
Jewellery
 f - a ring of positive energy (left hand)
Scrolls
 c - 2 scrolls of identify {unknown}
 g - a scroll of fear
 i - a scroll of brand weapon {unknown}
 j - a scroll of fog {unknown}
 l - a scroll of blinking {unknown}
Potions
 b - a potion of magic
 d - 2 potions of invisibility
 k - a potion of might {unknown}
 m - a potion of brilliance {unknown}


   Skills:
 + Level 0.4 Polearms
 * Level 4.4 Dodging
 - Level 3.0 Stealth
 + Level 2.5 Spellcasting
 + Level 4.8 Ice Magic


You had 4 spell levels left.
You knew the following spells:

 Your Spells              Type           Power      Damage    Failure   Level
a - Freeze                Ice            60%        1d8       3%          1
b - Frozen Ramparts       Ice            30%        1d5       9%          3

Your spell library contained the following spells:

 Spells                   Type           Power      Damage    Failure   Level
 Ozocubu's Armour         Ice            15%        N/A       9%          3
 Hailstorm                Conj/Ice       8%         3d4       63%         4


Dungeon Overview and Level Annotations

Branches:
Dungeon (3/15)

Altars:
Dithmenos
Zin

Shops:
D:1 [


Innate Abilities, Weirdness & Mutations

((You are very nimble when in or above water. (Stealth+, EV+, Speed+++)))
Your lower body shifts to a powerful aquatic tail in water.


Message History

Casting: Frozen Ramparts (quite dangerous; 9% risk of failure)
Confirm with . or Enter, or press ? or * to list all spells.
The spell is quite dangerous to miscast (9% risk of failure)!
Continue anyway? [Y]es or [N]o only, please.
The spell is quite dangerous to miscast (9% risk of failure)!
Continue anyway?
Casting: Frozen Ramparts (quite dangerous; 9% risk of failure)
Press: ? - help, Dir - look around, f - activate
Okay, then.
You hit the quokka but do no damage. The quokka barely misses you.
The quokka misses you.
Aiming: Freeze (safe; 3% risk of failure)
Press: ? - help, Q - select action Shift-Dir - straight line, f - quokka
Aim: a quokka You freeze the quokka.
The quokka is almost dead.
The quokka bites you but does no damage.
Aiming: Freeze (safe; 3% risk of failure)
Press: ? - help, Q - select action Shift-Dir - straight line, f/p - quokka
Aim: a quokka (almost dead)
You freeze the quokka.
You kill the quokka!
A sling bullet appears from out of thin air!
The sling bullet hits you.
* * * LOW HITPOINT WARNING * * *
The sling bullet burns you.
* * * LOW HITPOINT WARNING * * *
The adder attacks as you move away! The adder misses you. x2
Aiming: Freeze (safe; 3% risk of failure)
Press: ? - help, Q - select action Shift-Dir - straight line, f - adder
Aim: an adder You freeze the adder.
The adder is heavily wounded.
The adder barely misses you.
Unknown command.
Aiming: Freeze (safe; 3% risk of failure)
Press: ? - help, Q - select action Shift-Dir - straight line, f/p - adder
Aim: an adder (heavily wounded)
You freeze the adder.
The adder is almost dead.
The adder bites you.
You die...

..
.####.#.##.............
.....#...
###.........########...
..g.....###......######
... .............###.#
.............###.#
.................#
....$........#####
.....).......†..#######
...........#...†......#
#......).).#####S>....#
#..........# #@.....#
#..........# #......#
##....†....# #......#
#.........# ########
####...<..# ########


You could see an adder.

Vanquished Creatures
  A gnoll (D:3)
  2 adders (D:2)
  A worm (D:2)
  4 dart slugs
  An orc (D:3)
  7 ball pythons
  4 endoplasms
  4 giant cockroaches
  5 hobgoblins
  A kobold (D:2)
  3 quokkas
  2 bats (D:1)
  6 frilled lizards
  2 goblins
  5 rats
48 creatures vanquished.

Notes
Turn   | Place    | Note
-------+----------+-------------------------------------------
     0 | D:1      | om the Merfolk Ice Elementalist began the quest for the
                  | Orb.
     0 | D:1      | Reached XP level 1. HP: 13/13 MP: 3/3
   513 | D:1      | Reached XP level 2. HP: 16/19 MP: 5/5
   932 | D:1      | Found Tanulood's Antique Armour Boutique.
  1479 | D:1      | Reached XP level 3. HP: 17/24 MP: 6/6
  1734 | D:1      | Found a shadowy altar of Dithmenos.
  1784 | D:2      | Learned a level 3 spell: Frozen Ramparts
  2783 | D:2      | Reached XP level 4. HP: 25/30 MP: 3/7
  2959 | D:3      | Found a glowing silver altar of Zin.
  3377 | D:3      | HP: 1/30 [something (3)]
  3380 | D:3      | Slain by an adder

Illustrated notes

Levels and vault maps discovered:
D:1:      dpeg_arrival_lava_altar, layout_basic, serial_shops,
          nicolae_shop_waterfront, corexii_hall_statues_s
D:2:      layout_loops_ring
D:3:      layout_rooms, lemuel_round_altar, cheibrodos_worm_habitat,
          marbit_many_paths, uniq_ijyb

Skill      XL: |  1  2  3 |
---------------+----------+-----
Dodging        | 3 4 |  4.4
Stealth        | 3 |  3.0
Polearms       | |  0.4
Spellcasting   | |  2.5
Ice Magic      | |  4.8

Action                   |  1- 3 |  4- 6 || total
-------------------------+-------+-------++-------
Melee: Hand axe          |    54 |       ||    54
       Unarmed           |     3 |       ||     3
       Trident           |    35 |    20 ||    55
 Cast: Freeze            |    23 |     4 ||    27
       Frozen Ramparts   |     2 |     1 ||     3
  Use: Scroll            |     1 |       ||     1
       Potion            |     1 |       ||     1
 Stab: Sleeping          |    12 |     2 ||    14
Armor: Robe              |    23 |     3 ||    26
Dodge: Dodged            |    62 |    23 ||    85

Table legend: (Time is in decaauts)
 A = Elapsed time spent in this place.
 B = Non-inter-level travel time spent in this place.
 C = Inter-level travel time spent in this place.
 D = Time resting spent in this place.
 E = Time spent auto-exploring this place.
 F = Levels seen in this place.
 G = Mean time per level.
                   A        B        C        D        E       F      G
               +--------+--------+--------+--------+--------+-----+--------+
         Total |   3407 |   3391 |     16 |   1435 |   1423 |   3 | 1135.7 |
       Dungeon |   3407 |   3391 |     16 |   1435 |   1423 |   3 | 1135.7 |
               +--------+--------+--------+--------+--------+-----+--------+

Top non-repeatable levels by time:
     D:1: 1775 daAuts
     D:2: 1199 daAuts
     D:3: 433 daAuts
